 Dungeon Crawl Stone Soup version 0.29-a0-1047-g7c58e119a4 (webtiles) character file.

Game seed: 1577371501255247029

14009 IdlyInterested the Carver (level 11, -10/89 HPs)
             Began as a Demonspawn Wanderer on Aug 16, 2022.
             Was a Believer of Makhleb.
             Mangled by a tyrant leech (26 damage)
             ... on level 2 of the Lair of Beasts.
             The game lasted 00:32:15 (12108 turns).

IdlyInterested the Carver (Demonspawn Wanderer)    Turns: 12108, Time: 00:32:16

Health: -10/89     AC: 11    Str: 13    XL:     11   Next: 83%
Magic:  23/23      EV:  8    Int: 13    God:    Makhleb [**....]
Gold:   387        SH:  0    Dex: 25    Spells: 25/26 levels left

rFire   . . .      SeeInvis .   o - +0 long sword (drain)
rCold   . . .      Faith    .   (no shield)
rNeg    . . .      Spirit   .   d - +2 chain mail of the New World {Will+ rCorr}
rPois   +          Reflect  .   x - +1 hat
rElec   .          Harm     .   F - +0 cloak {rPois}
rCorr   +          Rampage  .   (no gloves)
Will    +....                   (no boots)
Stlth   ..........              (no amulet)
HPRegen 0.24/turn               n - +4 ring of slaying
MPRegen 0.18/turn               G - +6 ring of dexterity

@: no status effects
A: slimy green scales 2, ignite blood 2, spiny 1, demonic touch 1, hooves 1,
agile 1, deformed body
a: Renounce Religion, Minor Destruction


You were on level 2 of the Lair of Beasts.
You worshipped Makhleb.
Makhleb was pleased with you.
You visited 3 branches of the dungeon, and saw 11 of its levels.
You also visited: Ossuary.

You collected 653 gold pieces.
You spent 266 gold pieces at shops.

Inventory:

Hand Weapons
 a - a +2 falchion
 o - a +0 long sword of draining (weapon)
 r - a +1 short sword of venom
Missiles
 i - 4 atropa-tipped darts (quivered)
 C - 5 curare-tipped darts
 I - 17 poisoned darts
 L - a throwing net
Armour
 d - the +2 chain mail of the New World (worn) {Will+ rCorr}
   (You bought it in a shop on level 4 of the Dungeon)

   rCorr:     It protects you from acid and corrosion.
   Will:      It increases your willpower.
 u - a scarf of resistance
 v - a +0 plate armour
 x - a +1 hat (worn)
 D - a +1 cloak
 F - a +0 cloak of poison resistance (worn)
 M - +0 steam dragon scales
Jewellery
 n - a +4 ring of slaying (left hand)
 G - a +6 ring of dexterity (right hand)
Wands
 c - a wand of flame (16)
 g - a wand of polymorph (11)
 j - a wand of charming (3)
 w - a wand of digging (3)
 B - a wand of iceblast (1)
Scrolls
 b - 4 scrolls of fog
 h - 4 scrolls of enchant weapon
 y - 4 scrolls of amnesia
 z - 4 scrolls of blinking
 E - 3 scrolls of teleportation
 H - a scroll of fear
 K - 2 scrolls of identify
 O - 2 scrolls of poison
Potions
 f - 5 potions of brilliance
 k - a potion of flight
 l - 2 potions of berserk rage
 m - 2 potions of lignification
 p - 2 potions of might
 q - 3 potions of haste
 s - a potion of magic
 t - 4 potions of curing
 A - a potion of resistance
 J - a potion of mutation


   Skills:
 - Level 9.0 Fighting
 * Level 11.5 Long Blades
 - Level 1.0 Throwing
 - Level 1.0 Armour
 + Level 4.9 Dodging
 - Level 2.0 Stealth
 - Level 4.0 Unarmed Combat
 * Level 8.3 Spellcasting
 - Level 4.0 Translocations
 - Level 2.0 Evocations


You had 25 spell levels left.
You knew the following spells:

 Your Spells              Type           Power      Damage    Failure   Level
a - Apportation           Tloc           30%        N/A       65%         1

Your spell library contained the following spells:

 Spells                   Type           Power      Damage    Failure   Level
 Gell's Gravitas          Tloc           15%        N/A       95%         3
 Teleport Other           Tloc           15%        N/A       95%         3
 Summon Small Mammal      Summ           20%        N/A       99%         1
 Portal Projectile        Hex/Tloc       20%        N/A       99%         3
 Call Canine Familiar     Summ           5%         N/A       100%        3
 Dazzling Flash           Conj/Hex       10%        N/A       100%        3
 Summon Guardian Golem    Hex/Summ       5%         N/A       100%        3
 Passage of Golubria      Tloc           15%        N/A       100%        4
 Petrify                  Tmut/Erth      5%         N/A       100%        4
 Agony                    Necr           5%         N/A       100%        5
 Metabolic Englaciation   Hex/Ice        2%         N/A       100%        5
 Silence                  Hex/Air        2%         N/A       100%        5
 Dispersal                Tloc           7%         N/A       100%        6
 Statue Form              Tmut/Erth      3%         N/A       100%        6


Dungeon Overview and Level Annotations

Branches:
Dungeon (8/15)             Temple (1/1) D:7            Lair (2/5) D:8
  Swamp (0/4) Lair:2      Ossuary (visited)
  Snake: Lair:2-3    Spider: Lair:2-3

Altars:
Ashenzari
Cheibriados
Dithmenos
Fedhas
Gozag
Hepliaklqana
Kikubaaqudgha
Makhleb
Nemelex Xobeh
Okawaru
Qazlal
Ru
Trog
Uskayaw
Vehumet
Wu Jian
Xom
Yredelemnul

Shops:
D:4 [   D:8 :


Innate Abilities, Weirdness & Mutations

You are mostly covered in slimy green scales. (AC +3)
Your demonic aura often causes spilled blood to erupt in flames.
You are partially covered in sharp spines.
Your touch may inflict minor irresistible damage on your foes.
You have large cloven feet.
You are agile. (Dex +4, Str/Int -1)
Armour fits poorly on your strangely shaped body.


Message History

You closely miss the tyrant leech. Your kick misses the tyrant leech.
You touch the tyrant leech!
The tyrant leech is heavily wounded.
You slash the tyrant leech! You drain the tyrant leech.
Your kick misses the tyrant leech.
The tyrant leech is almost dead.
You barely miss the tyrant leech.
You kick the tyrant leech, but do no damage.
The tyrant leech is severely wounded.
You hit the tyrant leech. You drain the tyrant leech.
Your kick misses the tyrant leech.
You touch the tyrant leech!
The tyrant leech is almost dead.
The tyrant leech bites you but does no damage.
You slash the tyrant leech!
You kill the tyrant leech!
Makhleb accepts your kill.
You feel better.
You miss the tyrant leech. Your kick misses the tyrant leech.
You touch the tyrant leech.
The tyrant leech is almost dead.
The tyrant leech is struck by your spines.
The tyrant leech barely misses you.
You hit the tyrant leech. You drain the tyrant leech.
You kill the tyrant leech!
Makhleb accepts your kill.
You feel better.
You hit the tyrant leech.
The tyrant leech is moderately wounded.
The tyrant leech barely misses you.
You slash the tyrant leech!
The tyrant leech is heavily wounded.
The tyrant leech bites you!!
* * * LOW HITPOINT WARNING * * *
The tyrant leech draws strength from your injuries!
You slash the tyrant leech!
The tyrant leech is moderately wounded.
You barely miss the tyrant leech.
You touch the tyrant leech.
The tyrant leech is moderately wounded.
The tyrant leech bites you!!
You die...

P...P#........
....##........
...#.#......####
.............#.#
...............#
...#......#....♣♣ ♣
..##P....P.#...P♣ ♣§♣♣
..####.....#....♣♣§§§≈♣
..# #..........@w§§§♣
### #....##...☼♣♣§§§♣ #
####P###.#♣♣ §♣♣ # ###
### ♣ # ###.#. ##......
P.......


You could see a tyrant leech (drained).

Vanquished Creatures
  A hydra (Lair:1)
  2 cane toads (Lair:1)
  2 komodo dragons (Lair:1)
  2 tyrant leeches (Lair:2)
  Prince Ribbit (D:8)
  9 blink frogs (Lair:2)
  Sigmund (D:2)
  3 wyverns
  A wraith (D:8)
  Eustachio (D:5)
  A vampire (D:6)
  A steam dragon (Lair:1)
  28 yaks
  A basilisk (Lair:1)
  Grum (D:8)
  Edmund (D:5)
  A swamp worm (Lair:2)
  6 water moccasins
  2 sky beasts
  An ice beast (D:7)
  2 ogres
  A centaur (D:8)
  12 wolves
  A kobold brigand (D:8)
  A phantom (D:6)
  An elf zombie (Ossuary)
  4 bullfrogs
  2 necrophages
  4 scorpions (D:7)
  3 wights (D:7)
  3 centaur zombies (Ossuary)
  3 orc priests
  3 human zombies (Ossuary)
  8 hounds
  A jelly (D:5)
  Jessica (D:2)
  An iguana (D:4)
  Ijyb (D:5)
  Natasha (thrice) (D:2)
  4 orc wizards
  3 hell rats (Lair:2)
  2 mummies (Ossuary)
  7 gnolls
  12 adders
  7 river rats (Lair:2)
  2 shadow imps
  A white imp (D:6)
  An adder zombie (Ossuary)
  5 worms
  3 dart slugs
  11 orcs
  5 endoplasms
  3 giant cockroaches
  2 goblins (D:4)
  5 hobgoblins
  16 kobolds
  3 quokkas
  9 ball pythons
  4 bats
  12 hobgoblin zombies (Ossuary)
  A jackal zombie (Ossuary)
  6 kobold zombies (Ossuary)
  10 orc zombies (Ossuary)
  13 rats
268 creatures vanquished.

Vanquished Creatures (others)
  A yak (Lair:1)
  6 fungi
  9 plants
16 creatures vanquished.

Grand Total: 284 creatures vanquished

Notes
Turn   | Place    | Note
-------+----------+-------------------------------------------
     0 | D:1      | IdlyInterested the Demonspawn Wanderer began the quest for
                  | the Orb.
     0 | D:1      | IdlyInterested set off with the following items: a +1
                  | falchion, a scroll of fog, a +0 robe; and the following
                  | spell memorised: Apportation; and the following spells
                  | available to memorise: Portal Projectile, Passage of
                  | Golubria.
     0 | D:1      | Reached XP level 1. HP: 18/18 MP: 2/2
   444 | D:1      | Gained mutation: Your touch may inflict minor irresistible
                  | damage on your foes. [demonic ancestry]
   444 | D:1      | Reached XP level 2. HP: 24/24 MP: 2/4
   529 | D:1      | Found a faded altar of an unknown god.
  1512 | D:2      | Noticed Sigmund
  1525 | D:2      | Killed Sigmund
  1526 | D:2      | Reached skill level 3 in Long Blades
  1526 | D:2      | Reached XP level 3. HP: 17/29 MP: 4/7
  1526 | D:2      | Gained mutation: You are partially covered in slimy green
                  | scales. (AC +2) [demonic ancestry]
  1526 | D:2      | Reached XP level 4. HP: 21/35 MP: 4/8
  1526 | D:2      | Gained mutation: You are partially covered in sharp spines.
                  | [demonic ancestry]
  1526 | D:2      | Reached XP level 5. HP: 24/41 MP: 4/9
  1667 | D:2      | Noticed Natasha
  1677 | D:2      | Killed Natasha
  1790 | D:2      | Noticed Jessica
  1803 | D:2      | Killed Jessica
  1943 | D:2      | Noticed Natasha
  1949 | D:2      | Killed Natasha
  1950 | D:2      | Gained mutation: Your demonic aura sometimes causes spilled
                  | blood to erupt in flames. [demonic ancestry]
  1950 | D:2      | Reached XP level 6. HP: 21/47 MP: 10/10
  2675 | D:2      | Noticed Natasha
  2679 | D:2      | Killed Natasha
  2680 | D:2      | Reached skill level 4 in Long Blades
  2680 | D:2      | Reached skill level 1 in Unarmed Combat
  3159 | D:3      | You fall into a shaft and drop 2 floors!
  3159 | D:5      | Entered Level 5 of the Dungeon
  3306 | D:5      | Noticed Edmund
  3321 | D:5      | Killed Edmund
  3322 | D:5      | Gained mutation: You are mostly covered in slimy green
                  | scales. (AC +3) [demonic ancestry]
  3322 | D:5      | Reached XP level 7. HP: 15/55 MP: 11/11
  3735 | D:5      | Noticed Eustachio
  3743 | D:5      | Killed Eustachio
  3744 | D:5      | Reached skill level 5 in Long Blades
  3776 | D:5      | Reached skill level 5 in Fighting
  4096 | D:4      | Found Olis's Antique Armour Boutique.
  4445 | D:4      | Reached skill level 1 in Dodging
  5113 | D:5      | Gained mutation: Your demonic aura often causes spilled
                  | blood to erupt in flames. [demonic ancestry]
  5113 | D:5      | Reached XP level 8. HP: 49/62 MP: 13/13
  5433 | D:5      | Reached skill level 6 in Long Blades
  5476 | D:5      | Reached skill level 1 in Stealth
  5476 | D:5      | Reached skill level 5 in Spellcasting
  5481 | D:5      | Reached skill level 7 in Long Blades
  5481 | D:5      | Reached skill level 1 in Evocations
  5483 | D:5      | Reached XP level 9. HP: 26/69 MP: 16/16
  5822 | D:5      | Noticed Ijyb
  5831 | D:5      | Killed Ijyb
  5947 | D:6      | Reached skill level 1 in Throwing
  5976 | D:6      | Found a sand-covered staircase.
  5981 | Ossuary  | Entered an ossuary
  6392 | Ossuary  | Reached skill level 8 in Long Blades
  7125 | D:4      | Bought a garnet-encrusted chain mail for 266 gold pieces
  7125 | D:4      | Identified the +2 chain mail of the New World {Will+ rCorr}
                  | (You bought it in a shop on level 4 of the Dungeon)
  7371 | D:7      | Found a staircase to the Ecumenical Temple.
  8476 | Temple   | Entered the Ecumenical Temple
  8709 | D:8      | Reached XP level 10. HP: 74/79 MP: 19/19
  8814 | D:8      | Noticed Prince Ribbit
  8823 | D:8      | Killed Prince Ribbit
  8824 | D:8      | Reached skill level 9 in Long Blades
  8824 | D:8      | Found Xowifur's Book Emporium.
  9032 | D:8      | Found an ancient bone altar of Kikubaaqudgha.
  9057 | D:8      | Noticed Grum
  9062 | D:8      | Killed Grum
  9288 | D:8      | Found a staircase to the Lair.
  9926 | Temple   | Became a worshipper of Makhleb the Destroyer
  9970 | Lair:1   | Entered Level 1 of the Lair of Beasts
  9970 | Lair:1   | Noticed a seven-headed hydra
  9975 | Lair:1   | Noticed a cane toad
  9983 | Lair:1   | Killed a seven-headed hydra
  9986 | Lair:1   | Killed a cane toad
  9987 | Lair:1   | Reached skill level 10 in Long Blades
  9994 | Lair:1   | Reached XP level 11. HP: 49/87 MP: 21/21
 10348 | Lair:1   | Gained mutation: Armour fits poorly on your strangely
                  | shaped body. [potion of mutation]
 10348 | Lair:1   | Gained mutation: You are agile. (Dex +4, Str/Int -1)
                  | [potion of mutation]
 10348 | Lair:1   | Gained mutation: You have large cloven feet. [potion of
                  | mutation]
 10491 | Lair:1   | Reached * piety under Makhleb
 11514 | Lair:2   | Reached skill level 11 in Long Blades
 11808 | Lair:2   | Reached ** piety under Makhleb
 12082 | Lair:2   | Found a staircase to the Swamp.
 12108 | Lair:2   | Mangled by a tyrant leech

Illustrated notes

Levels and vault maps discovered:
D:1:      dpeg_arrival_ratfight, layout_loops_corners, basic_ecumenical_altar
D:2:      wander_river, layout_basic, uniq_jessica, uniq_natasha, uniq_sigmund
D:3:      layout_basic
D:4:      layout_gridville, serial_shops, nicolae_shop_advertising_works
          [nicolae_subvault_shop_adworks], chequers_serial_rivers_small_3,
          minmay_misc_feat_x, st_stairs_1
D:5:      layout_gridville, kennysheep_generic_room_15, uniq_ijyb,
          uniq_eustachio, uniq_edmund
D:6:      layout_basic, enter_ossuary_2
D:7:      layout_basic, temple_pool_b, solitary_fountain, dk_noncrumbling_3,
          minmay_misc_feat_alley
D:8:      layout_loops_cross, nicolae_overflow_crystal_walls, dpeg_oklobed_lair,
          serial_shops, shop, uniq_grum, uniq_prince_ribbit1
Temple:   nicolae_temple_slightly_damp_pantheon
Lair:1:   layout_long_grid
Lair:2:   layout_cave_shapes, minmay_swamp_entry_worms,
          kennysheep_abandoned_house

Skill      XL: |  1  2  3  4  5  6  7  8  9 10 11 |
---------------+----------------------------------+-----
Long Blades    | 3 4 5 7 8 10 11 | 11.5
Spellcasting   | 3 5 6 7 8 |  8.3
Translocations | 4 |  4.0
Unarmed Combat | 1 2 3 4 |  4.0
Fighting       | 4 5 7 8 9 |  9.0
Dodging        | 1 2 3 4 |  4.9
Stealth        | 1 2 |  2.0
Evocations     | 1 2 |  2.0
Throwing       | 1 |  1.0
Armour         | |  1.0

Action                   |  1- 3 |  4- 6 |  7- 9 | 10-12 || total
-------------------------+-------+-------+-------+-------++-------
Melee: Falchion          |    48 |    31 |       |       ||    79
       Touch             |     4 |    11 |    62 |    42 ||   119
       Unarmed           |       |     5 |       |     3 ||     8
       Long sword        |       |    46 |   234 |   197 ||   477
       Punch             |       |     4 |     3 |     5 ||    12
       Kick              |       |       |       |    41 ||    41
Throw: Dart              |     5 |       |       |    19 ||    24
Evoke: Wand              |       |       |     1 |     4 ||     5
  Use: Scroll            |     2 |     1 |    10 |     7 ||    20
       Potion            |     1 |     1 |     4 |     3 ||     9
Armor: Robe              |     4 |       |       |       ||     4
       Leather armour    |    13 |     8 |       |       ||    21
       Skin              |       |     2 |       |       ||     2
       Chain mail        |       |    21 |   155 |   112 ||   288
Dodge: Dodged            |    24 |    21 |    58 |    68 ||   171

Table legend: (Time is in decaauts)
 A = Elapsed time spent in this place.
 B = Non-inter-level travel time spent in this place.
 C = Inter-level travel time spent in this place.
 D = Time resting spent in this place.
 E = Time spent auto-exploring this place.
 F = Levels seen in this place.
 G = Mean time per level.
                   A        B        C        D        E       F      G
               +--------+--------+--------+--------+--------+-----+--------+
         Total |  12193 |  10804 |   1389 |   1643 |   7068 |  12 | 1016.1 |
       Dungeon |   9352 |   8117 |   1235 |   1186 |   5434 |   8 | 1169.0 |
        Temple |    227 |    177 |     50 |      0 |    144 |   1 |  227.0 |
          Lair |   2116 |   2013 |    103 |    184 |   1415 |   2 | 1058.0 |
       Ossuary |    496 |    496 |      0 |    273 |     75 |   1 |  496.0 |
               +--------+--------+--------+--------+--------+-----+--------+

Top non-repeatable levels by time:
     D:5: 1775 daAuts
  Lair:1: 1626 daAuts
     D:2: 1427 daAuts
     D:1: 1411 daAuts
     D:7: 1363 daAuts
     D:8: 1019 daAuts
     D:4: 1014 daAuts
     D:6: 709 daAuts
     D:3: 630 daAuts
 Ossuary: 496 daAuts
  Lair:2: 490 daAuts
  Temple: 227 daAuts
